 Seeded DCSS version 0.30-a0-540-g0af01429fa (webtiles) character file.

Game seed: 7699610741405272615 (custom seed)

4158 purpskrrrp the Tainter (level 10, -3/63 HPs)
             Began as a Demonspawn Venom Mage on Dec 25, 2022.
             Was an Initiate of Gozag.
             Slain by an orc warlord
             ... wielding a +3 broad axe
              (11 damage)
             ... in a bailey.
             The game lasted 00:23:12 (9606 turns).

purpskrrrp the Tainter (Demonspawn Venom Mage)      Turns: 9606, Time: 00:23:13

Health: -3/63      AC:  4    Str: 13    XL:     10   Next: 7%
Magic:  4/19       EV: 18    Int: 20    God:    Gozag
Gold:   980        SH:  0    Dex: 14    Spells: 16/21 levels left

rFire   . . .      SeeInvis .    i - +9 whip (venom)
rCold   . . .      Faith    .    (no shield)
rNeg    . . .      Spirit   .    d - +2 robe
rPois   .          Reflect  .    (no helmet)
rElec   .          Harm     .    l - scarf {repulsion}
rCorr   .          Rampage  .    (no gloves)
Will    .....                    (no boots)
Stlth   +++                      (no amulet)
HPRegen 0.30/turn                y - ring of flight
MPRegen 0.16/turn                t - +4 ring of evasion

@: brilliant, flying, repel missiles
A: thin skeletal structure 1, powered by death 1, demonic magic 2, demonic touch
1, strong 1, wild magic 1, noise suppression
a: Renounce Religion, Potion Petition, Call Merchant, Bribe Branch


You were in a bailey.
You worshipped Gozag.
Gozag was pleased with you.
You visited 1 branch of the dungeon, and saw 7 of its levels.
You also visited: Sewer and Bailey.

You collected 1719 gold pieces.
You paid 739 gold pieces to Gozag.

Inventory:

Hand Weapons
 c - a +0 whip
 f - a +2 dagger of freezing
 i - a +9 whip of venom (weapon)
Armour
 a - a +0 robe
 d - a +2 robe (worn)
 l - a scarf of repulsion (worn)
Jewellery
 e - a ring of ice
 h - a ring of see invisible
 r - a ring of poison resistance
 t - a +4 ring of evasion (right hand)
 y - a ring of flight (left hand)
Wands
 D - a wand of quicksilver (1)
Scrolls
 p - a scroll of fear
 q - 2 scrolls of butterflies
 w - 3 scrolls of fog
 x - a scroll of magic mapping
 C - 2 scrolls of enchant armour
Potions
 b - 2 potions of magic
 j - 5 potions of curing
 m - a potion of ambrosia {unknown}
 n - a potion of berserk rage {unknown}
 s - 6 potions of degeneration
 u - 2 potions of heal wounds {unknown}
 v - a potion of haste {unknown}
 z - 4 potions of resistance {unknown}
 A - 4 potions of mutation
 B - 2 potions of attraction {unknown}
 F - a potion of lignification {unknown}
 G - 2 potions of cancellation {unknown}


   Skills:
 + Level 3.7 Maces & Flails
 + Level 6.2 Dodging
 - Level 1.7 Stealth
 + Level 6.3 Spellcasting
 + Level 6.1 Transmutations
 * Level 8.5 Poison Magic


You had 16 spell levels left.
You knew the following spells:

 Your Spells              Type           Power      Damage    Failure   Level
a - Sting                 Tmut/Pois      100%       1d8       1%          1
b - Olgreb's Toxic Radia  Pois           68%        N/A       5%          4

Your spell library contained the following spells:

 Spells                   Type           Power      Damage    Failure   Level
 Poisonous Vapours        Pois/Air       90%        N/A       4%          2
 Shock                    Conj/Air       48%        1d6       14%         1
 Mephitic Cloud           Conj/Pois/Air  34%        N/A       14%         3
 Gell's Gravitas          Tloc           12%        N/A       38%         3
 Swiftness                Air            12%        N/A       38%         3
 Teleport Other           Tloc           12%        N/A       38%         3
 Airstrike                Air            6%         2d(1-17)  77%         4
 Dispersal                Tloc           6%         N/A       100%        6


Dungeon Overview and Level Annotations

Branches:
Dungeon (7/15)             Temple (0/1) D:4           Sewer (visited)
 Bailey (1/1)

Altars:
Gozag
Makhleb
Sif Muna
Trog
Uskayaw
Xom

Shops:
D:2 :   D:5 =   D:6 *


Innate Abilities, Weirdness & Mutations

You have a somewhat thin skeletal structure. (Dex +2, Stealth+)
You regenerate a little health from kills.
Spells you cast may paralyse nearby enemies.
Your touch may inflict minor irresistible damage on your foes.
Your muscles are strong. (Str +4, Int/Dex -1)
Your spells are a little harder to cast, but a little more powerful.
You passively dampen the noise of your surroundings.


Message History

Your toxic aura wanes.
Blink to where?
Press: ? - help, Dir - move target
As you read the scroll of blinking, it crumbles to dust.
Casting: Olgreb's Toxic Radiance (dangerous; 5% risk of failure)
Confirm with . or Enter, or press ? or * to list all spells.
You begin to radiate toxic energy.
Malevolent energies surge around you.
The orc warlord looks as sick as possible!
You feel clever all of a sudden.
Your toxic aura wanes.
There is an open door here.
Casting: Olgreb's Toxic Radiance (dangerous; 5% risk of failure)
Confirm with . or Enter, or press ? or * to list all spells.
You feel a surge of power!
You begin to radiate toxic energy.
The orc warlord looks as sick as possible!
Malevolent energies surge around you.
The orc warlord looks as sick as possible!
Your toxic aura wanes.
You see here 2 boomerangs.
You hit the orc warlord.
The orc warlord looks as sick as possible!
The orc warlord is almost dead.
The orc warlord hits you with a +3 broad axe!
You barely miss the orc warlord.
The orc warlord is almost dead.
The orc warlord completely misses you.
You hit the orc warlord but do no damage.
The orc warlord looks as sick as possible!
The orc warlord is almost dead.
The orc warlord hits you with a +3 broad axe!
* * * LOW HITPOINT WARNING * * *
You feel better.
The orc warlord hits you with a +3 broad axe!
* * * LOW HITPOINT WARNING * * *
You whack the orc warlord!
The orc warlord looks as sick as possible!
Your touch misses the orc warlord.
The orc warlord is almost dead.
The orc warlord hits you with a +3 broad axe!
You die...
Your body crumbles into a pile of gold.

..##.........##...##≈≈≈♣♣
...##.......##.....##≈≈≈♣♣
....##~~)~~##...8...##≈≈≈♣
)8...#~~)~)#.....)...##≈≈♣
.....#~~~~~#..........#≈≈♣
).(..'....o'.().8..8..#≈≈♣
.....#########..).....#≈≈♣
..####~~~#~~~##o.....##≈≈♣
..#~~#~.....=~#.@...##...♣
..#~........!~#(...##(...♣
.##~8.8...8.8##....#.....♣♣
.'~~.........#....)'......♣
.'~~....∩....#.(...'...∩.∩♣
.'~~.........#.....'.(....♣
.##~8.8...8.8##...(#.....♣♣
..#~........!~#....##....♣
..#~~#~.....|~#.....##...♣


You could see an orc warlord (extremely poisoned).

Vanquished Creatures
  Pikel (D:3)
  3 water moccasins
  An ice beast (D:5)
  5 orc warriors
  A black bear (D:4)
  A phantom (D:3)
  7 bullfrogs
  2 gnoll sergeants
  3 necrophages
  A scorpion (D:5)
  8 wights (D:7)
  6 killer bees (D:7)
  An electric eel (D:7)
  4 orc priests
  2 hounds
  3 jellies
  7 iguanas
  10 orc wizards
  Robin (D:4)
  9 gnolls
  10 adders
  5 river rats (Sewer)
  A shadow imp (D:7)
  A white imp (D:5)
  An ufetubus (D:5)
  A worm (D:3)
  4 dart slugs
  18 orcs
  5 bats
  7 endoplasms
  11 giant cockroaches
  29 goblins
  15 hobgoblins
  16 jackals
  3 quokkas
  18 ball pythons
  10 frilled lizards
  12 kobolds
  27 rats
270 creatures vanquished.

Notes
Turn   | Place    | Note
-------+----------+-------------------------------------------
     0 | D:1      | purpskrrrp the Demonspawn Venom Mage began the quest for
                  | the Orb.
     0 | D:1      | Reached XP level 1. HP: 13/13 MP: 3/3
    35 | D:1      | Reached skill level 1 in Transmutations
   252 | D:1      | Gained mutation: Your touch may inflict minor irresistible
                  | damage on your foes. [demonic ancestry]
   252 | D:1      | Reached XP level 2. HP: 19/19 MP: 3/5
   415 | D:1      | Reached XP level 3. HP: 24/24 MP: 2/6
   958 | D:2      | Found Ekkian's Book Shoppe.
  1335 | D:2      | Reached XP level 4. HP: 30/30 MP: 5/7
  1980 | D:3      | Noticed a phantom
  1998 | D:3      | Killed a phantom
  1999 | D:3      | Gained mutation: Spells you cast may paralyse adjacent
                  | enemies. [demonic ancestry]
  1999 | D:3      | Reached XP level 5. HP: 14/35 MP: 3/9
  2290 | D:3      | Found an opulent altar of Gozag.
  2364 | D:3      | Became a worshipper of Gozag Ym Sagoz the Greedy
  2633 | D:4      | Reached skill level 4 in Poison Magic
  2659 | D:3      | Gained mutation: Armour fits poorly on your strangely
                  | shaped body. [potion of mutation]
  2710 | D:4      | Noticed Pikel
  2710 | D:4      | Noticed a lemure
  2710 | D:4      | Noticed a lemure
  2710 | D:4      | Noticed a lemure
  2710 | D:4      | Noticed a lemure
  2722 | D:3      | Killed Pikel
  2723 | D:3      | Gained mutation: Spells you cast may paralyse nearby
                  | enemies. [demonic ancestry]
  2723 | D:3      | Reached XP level 6. HP: 17/41 MP: 5/12
  2723 | D:3      | Reached XP level 7. HP: 19/46 MP: 5/13
  2988 | D:4      | Reached skill level 5 in Poison Magic
  3001 | D:4      | Learned a level 4 spell: Olgreb's Toxic Radiance
  3730 | D:4      | Found a staircase to the Ecumenical Temple.
  3861 | D:4      | Noticed Robin
  4068 | D:4      | Killed Robin
  4400 | D:5      | Entered Level 5 of the Dungeon
  4447 | D:4      | HP: 2/46 [gnoll/+0 flail[a gnoll sergeant] (7)]
  4633 | D:5      | Gained mutation: You regenerate a little health from kills.
                  | [demonic ancestry]
  4633 | D:5      | Reached XP level 8. HP: 31/52 MP: 10/14
  4772 | D:5      | Found a glowing drain.
  4789 | Sewer    | Entered a sewer
  5328 | Sewer    | Reached skill level 5 in Spellcasting
  5331 | Sewer    | Reached skill level 1 in Maces & Flails
  5481 | Sewer    | Lost mutation: Armour fits poorly on your strangely shaped
                  | body. [potion of mutation]
  5481 | Sewer    | Gained mutation: Your spells are a little harder to cast,
                  | but a little more powerful. [potion of mutation]
  5481 | Sewer    | Gained mutation: Your muscles are strong. (Str +4, Int/Dex
                  | -1) [potion of mutation]
  5481 | Sewer    | Gained mutation: You passively dampen the noise of your
                  | surroundings. [potion of mutation]
  5622 | D:5      | Identified the +6 dagger "Huammat" {antimagic, Int+3}
  5676 | D:5      | Reached skill level 6 in Poison Magic
  5683 | D:5      | Reached skill level 5 in Dodging
  5725 | D:5      | Reached skill level 5 in Transmutations
  6007 | D:5      | Found a bloodstained altar of Trog.
  6914 | D:6      | Reached XP level 9. HP: 55/57 MP: 15/17
  7186 | D:6      | Reached skill level 7 in Poison Magic
  7625 | D:6      | Found a burning altar of Makhleb.
  7628 | D:6      | Noticed a green death
  7786 | D:6      | Found Abyng's Serpentskin Sales.
  7869 | D:6      | Noticed an angel
  8353 | D:7      | Found a shimmering blue altar of Sif Muna.
  8354 | D:7      | Found a hide-covered altar of Uskayaw.
  8657 | D:7      | Found a shimmering altar of Xom.
  8745 | D:7      | Reached skill level 8 in Poison Magic
  8901 | D:7      | Found a flagged portal.
  8912 | Bailey   | Entered a bailey
  8981 | Bailey   | Noticed an orc warlord
  9185 | Bailey   | Gained mutation: You have a somewhat thin skeletal
                  | structure. (Dex +2, Stealth+) [demonic ancestry]
  9185 | Bailey   | Reached XP level 10. HP: 50/63 MP: 13/19
  9292 | Bailey   | Found a runed translucent gate.
  9292 | Bailey   | Found a runed translucent gate.
  9294 | Bailey   | Found a runed translucent gate.
  9606 | Bailey   | Slain by an orc warlord

Illustrated notes

Levels and vault maps discovered:
D:1:      mushboom_english_gardens, layout_rooms
D:2:      layout_basic, serial_shops, nicolae_shop_hallway_plus, chequers_garden
D:3:      layout_loops_cross, lemuel_round_altar
D:4:      kennysheep_goblin_castle, layout_cave_pools,
          minmay_temple_entry_slanted, uniq_pikel
D:5:      layout_cave_pods, mainiacjoe_overflow_small_starburst,
          gup_sewer_entry_pipe, hex_large
D:6:      layout_layer_cave, grunt_temple_overflow_order_and_chaos_2,
          mainiacjoe_overflow_24_doors, chequers_serial_rivers_marsh,
          minmay_misc_feat_five, guppyfry_shop_venom
D:7:      layout_cave_pods, nicolae_overflow_squiral, enter_bailey_3,
          minmay_ruined_shrine
Bailey:   bailey_axe_bossmonster_kennysheep, bailey

Skill      XL: |  1  2  3  4  5  6  7  8  9 |
---------------+----------------------------+-----
Transmutations | 1 2 3 4 5 6 |  6.1
Dodging        | 2 3 4 5 6 |  6.2
Spellcasting   | 3 4 5 6 |  6.3
Poison Magic   | 4 5 6 8 |  8.5
Maces & Flails | 2 3 |  3.7
Stealth        | |  1.7

Action                   |  1- 3 |  4- 6 |  7- 9 | 10-12 || total
-------------------------+-------+-------+-------+-------++-------
Melee: Whip              |    50 |    43 |   242 |    16 ||   351
       Unarmed           |    11 |       |       |       ||    11
       Punch             |     1 |     1 |     3 |       ||     5
       Dagger            |    13 |       |       |       ||    13
       Touch             |    10 |     4 |    41 |     1 ||    56
 Cast: Sting             |    46 |    31 |   252 |    11 ||   340
       Olgreb's Toxic Ra |       |       |    16 |     6 ||    22
Invok: Call Merchant     |       |       |     1 |       ||     1
  Use: Scroll            |       |    12 |     9 |     7 ||    28
       Potion            |       |     1 |     2 |     2 ||     5
 Stab: Paralysed         |       |       |     3 |       ||     3
Armor: Robe              |    10 |     4 |    21 |       ||    35
Dodge: Dodged            |    55 |    33 |   219 |     4 ||   311
       Repelled          |     1 |     1 |       |       ||     2

Table legend: (Time is in decaauts)
 A = Elapsed time spent in this place.
 B = Non-inter-level travel time spent in this place.
 C = Inter-level travel time spent in this place.
 D = Time resting spent in this place.
 E = Time spent auto-exploring this place.
 F = Levels seen in this place.
 G = Mean time per level.
                   A        B        C        D        E       F      G
               +--------+--------+--------+--------+--------+-----+--------+
         Total |   9682 |   9390 |    292 |   1110 |   6351 |   9 | 1075.8 |
       Dungeon |   8243 |   7951 |    292 |    908 |   5591 |   7 | 1177.6 |
         Sewer |    748 |    748 |      0 |      0 |    569 |   1 |  748.0 |
        Bailey |    691 |    691 |      0 |    202 |    191 |   1 |  691.0 |
               +--------+--------+--------+--------+--------+-----+--------+

Top non-repeatable levels by time:
     D:6: 1734 daAuts
     D:4: 1548 daAuts
     D:3: 1287 daAuts
     D:5: 1219 daAuts
     D:1: 882 daAuts
     D:2: 868 daAuts
   Sewer: 748 daAuts
     D:7: 701 daAuts
  Bailey: 691 daAuts
